 Seeded DCSS version 0.28.0-53-g5a82cb258f (webtiles) character file.

Game seed: 5819556540278030217 (custom seed)

728 bwicke the Charlatan (level 7, -1/52 (55) HPs)
             Began as a Palentonga Fighter on Aug 10, 2022.
             Was a Follower of the Shining One.
             Slain by Prince Ribbit (12 damage)
             ... on level 5 of the Dungeon.
             The game lasted 00:14:05 (4059 turns).

bwicke the Charlatan (Palentonga Fighter)           Turns: 4059, Time: 00:14:05

HP:   -1/52 (55)    AC: 14    Str: 21    XL:     7   Next: 44%
MP:   0/7           EV:  8    Int:  8    God:    the Shining One [*.....]
Gold: 158           SH:  4    Dex: 10    Spells: 6/6 levels left

rFire   . . .      SeeInvis +   w - staff of cold
rCold   + . .      Faith    .   c - +0 buckler
rNeg    . . .      Spirit   +   J - +0 leather armour
rPois   .          Reflect  .   e - +2 helmet
rElec   .          Harm     .   (no cloak)
rCorr   .          Rampage  .   (no gloves)
Will    .....                   (no barding)
Stlth   +.........              d - amulet of guardian spirit
HPRegen 0.17/turn               (no ring)
MPRegen 0.10/turn               (no ring)

@: mighty, glowing, drained, curled up
A: large, rugged brown scales 3, see invisible, deformed body, roll 1, armoured
tail, reflexive curl
a: Rolling Charge, Renounce Religion, Divine Shield


You were on level 5 of the Dungeon.
You worshipped the Shining One.
The Shining One was aware of your devotion.
You visited 2 branches of the dungeon, and saw 6 of its levels.

You collected 158 gold pieces.

Inventory:

Hand Weapons
 a - a +0 rapier
 o - a +0 spear
 s - a +0 hunting sling
 u - a +0 dagger of venom
 G - a +0 hand axe
 H - a +0 mace
Missiles
 f - 26 sling bullets
 k - a throwing net
 n - 17 poisoned darts
 q - 140 stones
 y - 51 arrows
 L - 2 boomerangs
 M - 2 curare-tipped darts
Armour
 b - a +0 scale mail
 c - a +0 buckler (worn)
 e - a +2 helmet (worn)
 J - a +0 leather armour (worn)
Magical Staves
 w - a staff of cold (weapon)
Jewellery
 d - an amulet of guardian spirit (around neck)
Wands
 r - a wand of polymorph (9)
 t - a wand of flame (1)
 B - a wand of mindburst (9)
 C - a wand of iceblast (10)
Scrolls
 h - a scroll of enchant weapon {unknown}
 l - a scroll of acquirement {unknown}
 x - a scroll of enchant armour {unknown}
 z - a scroll of amnesia {unknown}
 I - a scroll of noise {unknown}
 K - a scroll of identify {unknown}
Potions
 g - a potion of curing
 i - a potion of haste {unknown}
 j - a potion of invisibility {unknown}
 m - 2 potions of flight {unknown}
 v - a potion of experience {unknown}
 D - a potion of brilliance {unknown}
 E - a potion of berserk rage {unknown}
 F - 2 potions of lignification {unknown}


   Skills:
 - Level 3.0 Fighting
 - Level 3.0 Short Blades
 - Level 2.4 Armour
 - Level 3.9 Shields
 + Level 6.2 Evocations


You had 6 spell levels left.
You didn't know any spells.
Your spell library contained the following spells:

 Spells                   Type           Power      Damage    Failure   Level
 Foxfire                  Conj/Fire      0%         2x1d4     52%         1
 Ensorcelled Hibernation  Hex/Ice        0%         N/A       67%         2
 Conjure Flame            Conj/Fire      0%         6-21      88%         3
 Inner Flame              Hex/Fire       0%         N/A       88%         3
 Spider Form              Tmut/Pois      0%         N/A       88%         3
 Tukima's Dance           Hex            0%         N/A       88%         3
 Anguish                  Hex/Necr       0%         N/A       99%         4
 Flame Wave               Conj/Fire      0%         2d4       99%         4
 Enfeeble                 Hex            0%         N/A       100%        7


Dungeon Overview and Level Annotations

Branches:
Dungeon (5/15)             Temple (1/1) D:4

Altars:
Ashenzari
Cheibriados
Dithmenos
Elyvilon
Fedhas
Gozag
Hepliaklqana
Kikubaaqudgha
Makhleb
Nemelex Xobeh
Okawaru
Qazlal
Ru
Sif Muna
Trog
Uskayaw
Vehumet
Wu Jian
Xom
Zin
The Shining One

Annotations:
D:5 Prince Ribbit


Innate Abilities, Weirdness & Mutations

You are completely covered in rugged brown scales. (AC +3, +7% HP)
You have supernaturally acute eyesight. (SInv)
Armour fits poorly on your strangely shaped body.
You can roll at nearby foes to attack.
You have a long armoured tail.
You curl defensively after being hit. (AC +7*)


Message History

You hit the wight but do no damage.
The wight is lightly damaged.
The wight hits you but does no damage.
The wight hits you with a +3 short sword of freezing.
You feel drained. The wight freezes you.
You barely miss the wight.
The wight is lightly damaged.
You block the wight's attack.
You hit the wight but do no damage.
The wight is lightly damaged.
The wight hits you with a +3 short sword of freezing.
You feel drained. The wight freezes you.
The wight hits you with a +3 short sword of freezing.
You feel drained. The wight freezes you.
Okay, then.
Unknown command.
There is an open door here.
As you read the scroll of teleportation, it crumbles to dust.
You feel strangely unstable. The wight barely misses you.
Your surroundings suddenly seem different.
Okay, then.
Unknown command.
w - a staff of cold (weapon)
Prince Ribbit comes into view.
You hit Prince Ribbit. You freeze Prince Ribbit.
Prince Ribbit is lightly wounded.
Prince Ribbit hits you.
* * * LOW HITPOINT WARNING * * *
Prince Ribbit barely misses you.
You feel very mighty all of a sudden. Prince Ribbit barely misses you.
You closely miss Prince Ribbit.
Prince Ribbit is lightly wounded.
Prince Ribbit hits you!
* * * LOW HITPOINT WARNING * * *
Prince Ribbit barely misses you.
It was a potion of curing.
You feel better. Prince Ribbit hits you!
* * * LOW HITPOINT WARNING * * *
You feel better. Prince Ribbit hits you!
You die...

.............[......#
##.........###.....##
#..........###.###....
...............# ##
.........#########
##................
#.......#########. .
#.......############....
................@F......
##.....#############....
##...## . #####


You could see Prince Ribbit.

Vanquished Creatures
  Sigmund (D:5)
  A necrophage (D:5)
  A scorpion (D:4)
  2 water moccasin zombies (D:5)
  A water moccasin skeleton (D:4)
  A hound (D:4)
  An orc priest (D:4)
  A bullfrog skeleton (D:5)
  A centaur skeleton (D:4)
  Ijyb (D:4)
  A hound skeleton (D:4)
  A mummy (D:5)
  Robin (D:2)
  An adder (D:2)
  4 dart slugs
  5 orcs (D:4)
  6 ball pythons
  5 bats
  3 endoplasms
  3 giant cockroaches
  13 goblins
  3 hobgoblins
  10 jackals
  6 kobolds
  4 quokkas
  A frilled lizard (D:1)
  6 rats
84 creatures vanquished.

Notes
Turn   | Place    | Note
-------+----------+-------------------------------------------
     0 | D:1      | bwicke the Palentonga Fighter began the quest for the Orb.
     0 | D:1      | Reached XP level 1. HP: 19/19 MP: 1/1
    84 | D:1      | Reached XP level 2. HP: 25/25 MP: 2/2
   381 | D:1      | Reached XP level 3. HP: 25/31 MP: 3/3
  1343 | D:2      | Reached XP level 4. HP: 30/37 MP: 2/4
  1408 | D:2      | Noticed Robin
  1428 | D:2      | Killed Robin
  1702 | D:2      | Found a snail-covered altar of Cheibriados.
  1843 | D:2      | Found a faded altar of an unknown god.
  2321 | D:3      | You fall into a shaft and drop 1 floor!
  2334 | D:4      | Reached skill level 1 in Evocations
  2460 | D:4      | Noticed a scorpion
  2471 | D:4      | Reached skill level 2 in Evocations
  2471 | D:4      | Reached XP level 5. HP: 33/43 MP: 2/5
  2479 | D:4      | Reached skill level 3 in Evocations
  2629 | D:4      | Found a staircase to the Ecumenical Temple.
  2661 | Temple   | Entered the Ecumenical Temple
  3200 | Temple   | Became a worshipper of the Shining One
  3335 | D:4      | Noticed Ijyb
  3345 | D:4      | Killed Ijyb
  3346 | D:4      | Reached XP level 6. HP: 48/50 MP: 6/6
  3692 | D:4      | Reached skill level 4 in Evocations
  3793 | D:5      | Entered Level 5 of the Dungeon
  3840 | D:5      | Noticed Sigmund
  3846 | D:5      | Killed Sigmund
  3847 | D:5      | Reached skill level 5 in Evocations
  3847 | D:5      | Gained mutation: You curl defensively after being hit. (AC
                  | +7*) [Palentonga growth]
  3847 | D:5      | Reached XP level 7. HP: 48/55 MP: 5/7
  4021 | D:5      | Reached skill level 6 in Evocations
  4030 | D:5      | Reached * piety under the Shining One
  4052 | D:5      | Noticed Prince Ribbit
  4058 | D:5      | HP: 2/52 [Prince Ribbit (9)]
  4059 | D:5      | Slain by Prince Ribbit

Illustrated notes

Levels and vault maps discovered:
D:1:      evilmike_arrival_hilbert_curve, layout_basic,
          minmay_misc_feat_more_columns, minmay_pentomino_t4
D:2:      layout_loops_ring, shapermc_ecumenical_altar_notcrosses, basic_altar,
          hangedman_decor_opposing, uniq_robin
D:3:      layout_rooms, hangedman_decor_push
D:4:      layout_loops_ring, minmay_temple_entry_proselytizer, uniq_ijyb
D:5:      layout_rooms, lemuel_mausoleum_altar_yredelemnul, uniq_sigmund,
          uniq_prince_ribbit1, uniq_blork_the_orc, uniq_grinder
Temple:   mainiacjoe_temple_starburst

Skill      XL: |  1  2  3  4  5  6  7 |
---------------+----------------------+-----
Short Blades   | 3 |  3.0
Shields        | 3 |  3.9
Evocations     | 2 3 5 6 |  6.2
Fighting       | |  3.0
Armour         | |  2.4

Action                   |  1- 3 |  4- 6 |  7- 9 || total
-------------------------+-------+-------+-------++-------
Melee: Rapier            |    62 |       |       ||    62
       Tailslap          |    14 |    20 |     8 ||    42
       Spear             |    93 |    27 |       ||   120
       Dagger            |       |    78 |       ||    78
       Mace              |       |    25 |    33 ||    58
       Unarmed           |       |     5 |       ||     5
       Staff             |       |       |     2 ||     2
 Abil: Rolling Charge    |    21 |    19 |       ||    40
  Use: Potion            |     1 |       |     3 ||     4
       Scroll            |       |       |     2 ||     2
Armor: Scale mail        |   119 |    28 |       ||   147
       Leather armour    |       |    16 |    13 ||    29
Dodge: Dodged            |    81 |    45 |    15 ||   141
Block: Buckler           |    39 |    22 |     7 ||    68
